 Dungeon Crawl Stone Soup version 0.21.1-1-g345015f (webtiles) character file.

48 lightbrinder the Magician (level 3, -3/24 HPs)
             Began as a Demonspawn Wizard on Apr 4, 2018.
             Killed by nerve-wracking pain
             ... invoked by Jessica
              (10 damage)
             ... on level 2 of the Dungeon.
             The game lasted 00:12:47 (1544 turns).

lightbrinder the Magician (Demonspawn Wizard)       Turns: 1544, Time: 00:12:48

Health: -3/24      AC:  4    Str:  7    XL:     3   Next: 50%
Magic:  0/8        EV: 13    Int: 20    God:
Gold:   46         SH:  0    Dex: 14    Spells: 4/9 levels left

rFire    . . .     SeeInvis .   (no weapon)
rCold    . . .     Gourm    .   (no shield)
rNeg     . . .     Faith    .   a - +0 robe
rPois    .         Spirit   .   b - +0 hat
rElec    .         Reflect  .   (no cloak)
rCorr    .         Harm     .   (no gloves)
MR       .....                  (no boots)
Stlth    ++........             (no amulet)
HPRegen  0.08/turn              i - ring of flight
MPRegen  0.11/turn              f - +3 ring of dexterity

@: very slightly contaminated
A: slimy green scales 1
a: Evoke Flight


You were on level 2 of the Dungeon.
You were not hungry.

You visited 1 branch of the dungeon, and saw 2 of its levels.

You collected 46 gold pieces.

Inventory:

Missiles
 m - 22 stones (quivered)
Armour
 a - a +0 robe (worn)
 b - a +0 hat (worn)
Jewellery
 f - a +3 ring of dexterity (right hand)
 i - a ring of flight (left hand)
Scrolls
 h - 2 scrolls of teleportation
 l - a scroll of identify
Potions
 e - a potion of berserk rage {unknown}
 g - 2 potions of flight
 k - a potion of agility
 n - a potion of magic {unknown}
Books
 c - a book of Minor Magic

   Spells                             Type                      Level
   a - Magic Dart                     Conjuration                  1
   b - Blink                          Translocation                2
   c - Call Imp                       Summoning                    2
   d - Slow                           Hexes                        2
   e - Conjure Flame                  Conjuration/Fire             3
   f - Mephitic Cloud                 Conjuration/Poison/Air       3
Comestibles
 d - 3 rations
 j - 6 chunks of flesh


   Skills:
 + Level 2.5 Dodging
 + Level 1.8 Stealth
 + Level 0.5 Unarmed Combat
 + Level 3.7 Spellcasting
 + Level 1.1 Conjurations
 + Level 1.1 Summonings
 + Level 0.8 Translocations


You had 4 spell levels left.
You knew the following spells:

 Your Spells              Type           Power        Failure   Level  Hunger
a - Magic Dart            Conj           #...         9%          1    None
b - Call Imp              Summ           #.......     13%         2    ##.....
c - Blink                 Tloc           N/A          14%         2    ##.....


Dungeon Overview and Level Annotations

Branches:
Dungeon (2/15)

Altars:

Annotations:
D:2 Jessica


Innate Abilities, Weirdness & Mutations

You are partially covered in slimy green scales. (AC +2)


Message History

Jessica casts a spell.
Jessica blinks!
Your crimson imp blinks!
Casting: Magic Dart
Confirm with . or Enter, or press ? or * to list all spells.
Aiming: Magic Dart
Press: ? - help, Shift-Dir - straight line, f/p - Jessica
Aim: Jessica, wielding a dagger and wearing a robe (severely wounded)
The magic dart hits Jessica.
Jessica is almost dead.
Your crimson imp blinks!
Jessica gestures at you while chanting. Pain shoots through your body!
You hit Jessica but do no damage.
Jessica is almost dead.
Jessica hits you with a dagger.
* * * LOW HITPOINT WARNING * * *
Jessica gestures at you while chanting. Pain shoots through your body!
You die...

####### #.....#
#.....#############
+.....'5.@.@.......
####.....#############
......................#
.####################.#
#.# #.## #..# ##.#
..... #.# #...#


You could see Jessica and a friendly crimson imp.

Vanquished Creatures
  An ooze (D:1)
  3 dart slugs
  A leopard gecko (D:1)
  A giant cockroach (D:2)
  6 goblins
  5 hobgoblins
  A kobold (D:1)
  7 bats
  4 frilled lizards
  8 rats (D:1)
37 creatures vanquished.

Vanquished Creatures (collateral kills)
  A kobold (D:1)
1 creature vanquished.

Grand Total: 38 creatures vanquished

Notes
Turn   | Place    | Note
-------+----------+-------------------------------------------
     0 | D:1      | lightbrinder the Demonspawn Wizard began the quest for the Orb.
     0 | D:1      | Reached XP level 1. HP: 13/13 MP: 4/4
   184 | D:1      | Gained mutation: You are partially covered in slimy green scales. (AC +2) [demonic ancestry]
   184 | D:1      | Reached XP level 2. HP: 18/19 MP: 0/6
   258 | D:1      | Learned a level 2 spell: Call Imp
   851 | D:1      | Reached XP level 3. HP: 24/24 MP: 0/8
   936 | D:1      | Learned a level 2 spell: Blink
  1304 | D:1      | Learned a level 2 spell: Blink
  1527 | D:2      | Noticed Jessica
  1544 | D:2      | Killed from afar by Jessica

Skill      XL: |  1 |
---------------+----+-----
Dodging        | 2 |  2.5
Stealth        | |  1.8
Unarmed Combat | |  0.5
Spellcasting   | |  3.7
Conjurations   | |  1.1
Summonings     | |  1.1
Translocations | |  0.8

Action                   || total
-------------------------++-------
Melee: Unarmed           ||    61
 Cast: Magic Dart        ||    84
       Call Imp          ||     4
       Blink             ||     1
  Use: Scroll            ||     3
  Eat: Chunk             ||     2
Armor: Robe              ||    32
Dodge: Dodged            ||    73
